AoeStats
← RedLeader

Arabia

510329743Analyzed
1v1 RM · 17h ago on Sep 30, 2026· 29m 29s· 2 players
Game mode
Random Map
Map size
Tiny (2 player)
Population
200
Speed
Normal
Resources
Standard
Victory
Conquest
Starting age
Dark Age
Ending age
Imperial Age
RankedLock teamsTeams togetherTeam positionsShared explorationLock speedFull tech treeHidden civsTurbo modeCheats
Victory
Defeat
🇺🇿 Sicilians · Uzbekistan
1445
+14
🇧🇪 Slavs · Belgium
1402
-14
BobyJones
6:07 Loom
9:58 Feudal Age
10:13 Loom
10:03 Man-at-Arms
10:30 Double-Bit Axe
15:47 Fletching
19:22 Horse Collar
25:19 Castle Age
24:27 Scale Barding Armor
25:06 Padded Archer Armor
25:53 Bloodlines
25:50 Town Watch
27:47 Husbandry
RedLeader
5:54 Loom
8:46 Feudal Age
10:45 Double-Bit Axe
15:53 Fletching
23:18 Castle Age
21:34 Horse Collar
23:25 Gold Mining
24:00 Scale Barding Armor
24:51 Wheelbarrow
24:42 Bloodlines
24:33 Husbandry
26:05 Chain Barding Armor
27:17 Forging
28:05 Bow Saw
Connection lost

Rejoining the realm…

Still unreachable

The connection could not be restored.

Session expired

The server has moved on; the page needs a fresh start.